Description

This is a build OPENER, keep this is mind, it's a very strong build to go to and is great if you are tired of stargate every game. Basically the only reason I show the opener is because after this point in the game, it's basically a freestyle, where you do what you want/what you feel

This opener will put you in a great spot, it takes some practice but the build can go into disruptors/storm, or even just immortal sentry blink stalker and then getting aggressive!

6 Keys to this build:

1st. Chrono first adept

2nd. Chrono glaive adept and warpgate the second your twilight finishes

3rd. Double gateway at 34 supply to time up with your warpgate

4th. Do NOT over commit your initial 6 adepts, it's better to shade in for scouting rather than losing your first 6 adepts.

5th. You will force out units, it will slow down economy. Practice this build, when to shade when to just bring adepts home, practice makes perfect!

6th. This is an OPENER, the build will play out differently after the opener every-time, it's all about learning and figuring out where to go after the opener!

VOD

https://www.youtube.com/watch?v=j_BCh5c_JPo

Replay - Apotheosis LE (2)

Build Order

Get SALT Encoding   

  12  0:01  Probe (Chrono Boost)  
  13  0:11  Probe (Chrono Boost)  
  14  0:24  Pylon, Probe (Chrono Boost)  
  15  0:42  Probe (Chrono Boost)  
  16  0:46  Gateway  
  16  0:53  Probe (Chrono Boost)  
  16  0:54  Assimilator  
  17  1:03  Probe (Chrono Boost)  
  18  1:14  Probe (Chrono Boost)  
  19  1:23  Nexus  
  19  1:33  Cybernetics Core  
  19  1:37  Probe (Chrono Boost)  
  20  1:46  Assimilator  
  20  1:47  Probe (Chrono Boost)  
  20  1:53  Pylon  
  21  1:58  Probe (Chrono Boost)  
  22  2:04  Warp Gate  
  22  2:07  Adept  
  23  2:09  Probe (Chrono Boost)  
  26  2:23  Probe (Chrono Boost)  
  26  2:26  Twilight Council  
  26  2:35  Probe (Chrono Boost)  
  26  2:36  Probe (Chrono Boost)  
  28  2:43  Adept  
  30  2:46  Probe (Chrono Boost)  
  30  2:50  Resonating Glaives, Pylon  
  32  2:58  Probe (Chrono Boost)  
  32  3:07  Probe (Chrono Boost)  
  32  3:11  Probe (Chrono Boost)  
  34  3:13  Gateway  
  34  3:19  Gateway  
  34  3:23  Probe (Chrono Boost)  
  34  3:27  Adept  
  37  3:30  Probe (Chrono Boost)  
  39  3:35  Probe (Chrono Boost)  
  41  3:44  Mothership Core (Chrono Boost)  
  41  3:48  Probe (Chrono Boost)  
  42  3:59  Pylon  
  42  4:00  Probe (Chrono Boost)  
  44  4:10  Probe (Chrono Boost)  
  44  4:11  Adept x2  
  44  4:13  Adept  
  50  4:19  Probe (Chrono Boost)  
  50  4:22  Probe (Chrono Boost)  
  52  4:28  Nexus  
  52  4:29  Pylon  
  53  4:31  Probe (Chrono Boost)  
  53  4:34  Probe (Chrono Boost)  
  53  4:35  Sentry x3  
  60  4:41  Pylon  
  60  4:43  Probe (Chrono Boost)  
  62  4:46  Probe (Chrono Boost)  
  62  4:49  Pylon  
  62  4:55  Probe (Chrono Boost)  
  62  4:58  Probe (Chrono Boost)  
  64  5:06  Assimilator  
  63  5:07  Probe (Chrono Boost)  
  63  5:09  Assimilator, Robotics Facility  
  63  5:10  Probe (Chrono Boost)  
  62  5:18  Adept x3  
  62  5:19  Probe (Chrono Boost)  
  70  5:22  Probe (Chrono Boost)  
  70  5:28  Forge  
  70  5:29  Probe (Chrono Boost)  
  70  5:32  Probe (Chrono Boost)  
  72  5:39  Blink  
  72  5:40  Probe (Chrono Boost)  
Spawning Tool Build Advisor. Get it on Overwolf

Analysis

Still learning some of these new maps, but I think this map might be one of the weakest to do it on, but you can still definitely do it here. The gold changes things and I have had some issues on a fair amount of my PvZ's here, not just doing this build, but I just need to get a little better. Once again, this is a OPENER, this will get you to a good point in the game, but the games can be so different from here it's best to just play it out and figure it out, if they are on heavy roach go maybe go into disruptors, if they are on heavy lings maybe go into storm or just sentry stalker immortal. You will learn how to transition after a few games with this build!

Go to:

Details

  • Created by: Mcanning      
  • Published on: Jul 14, 2016
  • Modified on: Jul 14, 2016
  • Patch: Pre-3.8.0
Show
View Real Time Build Order
Export as new Build Order

Comments (1)

On July 14, 2016, 2:33 p.m., JuNQkiE  said:

I like the idea of freestyle and going by feel, will give this a try thanks!!

Create an account to comment!